Map: Parasitismo LE

Players

Vicster - Winner!

  • Race: Terran Terran
  • League: Gold
  • Spawn Location: 11:00

MechLurkeR

  • Race: Protoss Protoss
  • League: Platinum
  • Spawn Location: 5:00

VOD

Have the link to the VOD?

Description

Time

  • Played on: Jan. 6, 2019, 3:55 p.m.
  • Length: 15:48
Show
View Real Time Build Order
Export as new Build Order

Vicster Terran - Winner!

Build Orders:  

Get SALT Encoding   

  12  0:01  SCV  
  13  0:13  SCV  
  14  0:17  Supply Depot  
  14  0:25  SCV  
  15  0:39  SCV  
  15  0:42  Barracks  
  16  0:51  SCV  
  16  0:53  Refinery  
  17  1:03  SCV  
  18  1:15  SCV  
  19  1:27  SCV  
  20  1:35  Marine  
  20  1:37  Command Center  
  21  1:45  Orbital Command  
  20  2:02  Factory  
  20  2:03  Barracks Tech Lab  
  20  2:10  Supply Depot  
  20  2:12  SCV  
  21  2:24  SCV  
  22  2:37  SCV  
  22  2:47  Refinery  
  22  2:49  SCV, Orbital Command  
  23  2:58  Bunker  
  23  3:04  Siege Tank  
  26  3:05  SCV  
  27  3:14  SCV  
  27  3:17  SCV  
  29  3:27  SCV  
  30  3:28  Supply Depot  
  30  3:30  SCV  
  31  3:39  SCV  
  32  3:42  SCV  
  32  3:43  Siege Tank  
  36  3:49  Engineering Bay  
  36  3:54  SCV  
  37  3:56  SCV  
  37  3:57  Armory  
  38  4:06  SCV  
  38  4:08  SCV  
  40  4:11  Command Center  
  40  4:15  Siege Tank  
  43  4:19  Missile Turret  
  43  4:20  Missile Turret, SCV  
  44  4:25  SCV  
  45  4:32  Supply Depot  
  45  4:33  SCV  
  45  4:38  SCV  
  47  4:45  SCV  
  48  4:47  Siege Tank  
  48  4:51  Factory  
  51  4:55  SCV  
  51  4:57  SCV  
  51  4:59  Refinery  
  53  5:02  Refinery  
  49  5:07  SCV  
Show
View Real Time Build Order
Export as new Build Order

MechLurkeR Protoss 

Build Orders: Dark Templar Rush 

Get SALT Encoding   

  12  0:02  Probe  
  13  0:13  Pylon  
  13  0:18  Probe  
  13  0:27  Probe  
  15  0:36  Probe  
  15  0:40  Gateway  
  16  0:49  Probe  
  17  0:51  Assimilator  
  17  0:57  Assimilator  
  17  1:04  Probe  
  18  1:12  Probe  
  19  1:22  Probe  
  20  1:34  Probe  
  21  1:46  Probe  
  22  1:57  Cybernetics Core  
  22  1:58  Probe  
  23  2:01  Pylon  
  23  2:31  Warp Gate  
  23  2:35  Stalker  
  23  2:41  Twilight Council  
  25  2:52  Pylon  
  25  2:59  Gateway  
  25  3:00  Probe  
  26  3:16  Pylon  
  26  3:21  Dark Shrine  
  26  3:24  Gateway  
  26  3:34  Forge  
  25  3:50  Gateway  
  25  3:53  Pylon  
  25  4:39  Dark Templar x3  
  31  4:45  Dark Templar  
Tags
 
Add a new tag
Caveats
  • Supply blocks, unpowered buildings, or Contaminate may cause inaccurate times.
  • Supply counts are checked every 10 seconds.